 Dungeon Crawl Stone Soup version 0.30-a0-371-gad7725a93e (webtiles) character file.

Game seed: 7915924454224576852

792 benadryl the Ruffian (level 7, -1/70 HPs)
             Began as a Troll Fighter on Nov 22, 2022.
             Was an Initiate of Ashenzari.
             Killed from afar by an orc wizard (6 damage)
             ... with a magic dart
             ... on level 5 of the Dungeon.
             The game lasted 00:04:30 (2927 turns).

benadryl the Ruffian (Troll Fighter)                Turns: 2927, Time: 00:04:30

Health: -1/70      AC:  4    Str: 25    XL:     7   Next: 57%
Magic:  6/6        EV:  8    Int:  6    God:    Ashenzari [......]
Gold:   130        SH: 10    Dex:  9    Spells: 6/6 levels left

rFire   . . .      SeeInvis .      - Unarmed
rCold   . . .      Faith    .    k - +2 kite shield
rNeg    . . .      Spirit   .    a - +0 robe
rPois   .          Reflect  .    (helmet restricted)
rElec   .          Harm     .    (no cloak)
rCorr   .          Rampage  .    (gloves unavailable)
Will    .....                    (boots unavailable)
Stlth   +.........               (no amulet)
HPRegen 1.11/turn                (no ring)
MPRegen 0.10/turn                (no ring)

@: mighty, studying Conjurations
A: large, unfitting armour, claws 3, regeneration 1, shaggy fur 1, tough skin 1
a: Renounce Religion


You were on level 5 of the Dungeon.
You worshipped Ashenzari.
Ashenzari was noncommittal.
You visited 2 branches of the dungeon, and saw 6 of its levels.

You collected 130 gold pieces.

Inventory:

Armour
 a - a +0 robe (worn)
 k - a +2 kite shield (worn)
Wands
 m - a wand of mindburst (17)
 w - a wand of charming (11)
Scrolls
 d - 2 scrolls of vulnerability {unknown}
 e - 2 scrolls of enchant armour {unknown}
 g - 4 scrolls of teleportation {unknown}
 h - a scroll of brand weapon {unknown}
 p - a scroll of silence {unknown}
 r - a scroll of fear {unknown}
 s - a scroll of poison {unknown}
 t - 3 scrolls of identify {unknown}
 u - a scroll of fog {unknown}
 x - a scroll of immolation {unknown}
Potions
 b - a potion of heal wounds {unknown}
 f - a potion of invisibility {unknown}
 j - 2 potions of attraction {unknown}
 l - a potion of flight {unknown}
 n - a potion of brilliance {unknown}
 o - a potion of mutation {unknown}
 q - a potion of cancellation {unknown}
 v - 3 potions of berserk rage {unknown}


   Skills:
 + Level 4.2 Fighting
 - Level 2.4 Dodging
 + Level 4.6 Shields
 * Level 6.3 Unarmed Combat


You had 6 spell levels left.
You didn't know any spells.
Your spell library contained the following spells:

 Spells                   Type           Power      Damage    Failure   Level
 Kiss of Death            Conj/Necr      0%         2d5       75%         1
 Cigotuvi's Dreadful Rot  Necr/Pois/Air  0%         N/A       86%         2
 Ensorcelled Hibernation  Hex/Ice        0%         N/A       86%         2
 Passwall                 Tmut/Erth      0%         N/A       86%         2
 Poisonous Vapours        Pois/Air       0%         N/A       86%         2
 Confusing Touch          Hex            0%         N/A       98%         3
 Mephitic Cloud           Conj/Pois/Air  0%         N/A       98%         3
 Swiftness                Air            0%         N/A       98%         3
 Dispel Undead            Necr           0%         3d6       100%        4
 Conjure Ball Lightning   Conj/Air       0%         3x3d6     100%        6
 Discord                  Hex            0%         N/A       100%        8
 Disjunction              Tloc           0%         N/A       100%        8


Dungeon Overview and Level Annotations

Branches:
Dungeon (5/15)             Temple (1/1) D:4

Altars:
Ashenzari
Cheibriados
Dithmenos
Elyvilon
Fedhas
Gozag
Hepliaklqana
Kikubaaqudgha
Makhleb
Nemelex Xobeh
Okawaru
Qazlal
Sif Muna
Trog
Uskayaw
Vehumet
Wu Jian
Yredelemnul
The Shining One


Innate Abilities, Weirdness & Mutations

You are too large for most types of armour.
You have claws for hands.
Your natural rate of healing is unusually fast.
You are covered in fur. (AC +1)
You have tough skin. (AC +1)


Message History

The puff of flame hits you! You block the orc's attack. x2
The orc priest barely misses you.
You claw the orc priest!
The orc priest is almost dead.
The orc wizard points at you and mumbles some strange words.
The puff of flame hits you!
* * * LOW HITPOINT WARNING * * *
The orc hits you with a +0 hand axe.
* * * LOW HITPOINT WARNING * * *
The orc closely misses you.
The orc priest miscasts a cantrip.
You feel better.
The orc wizard points at you and mumbles some strange words.
The magic dart hits you.
* * * LOW HITPOINT WARNING * * *
The orc hits you with a +0 hand axe.
* * * LOW HITPOINT WARNING * * *
The orc hits you with a +0 mace.
* * * LOW HITPOINT WARNING * * *
The orc priest barely misses you.
You claw the orc priest!
You kill the orc priest!
The orc wizard barely misses you. You block the orc's attack.
The orc hits you with a +0 hand axe.
* * * LOW HITPOINT WARNING * * *
You scratch the orc wizard but do no damage.
You block the orc wizard's attack. You block the orc's attack.
The orc hits you with a +0 hand axe.
* * * LOW HITPOINT WARNING * * *
The orc wizard hits you but does no damage.
You scratch the orc wizard but do no damage.
The orc wizard hits you with a +1 dagger of speed.
* * * LOW HITPOINT WARNING * * *
The orc hits you with a +0 mace.
* * * LOW HITPOINT WARNING * * *
The orc hits you but does no damage.
You feel very mighty all of a sudden.
The orc wizard gestures at you while chanting.
The magic dart hits you.
You die...

#........#.####
#.......†..#.. .#.
#........#.#.# ...
#........#.#.##+##.###.
######.###...#.........
#............#.........
#............+.........
#####.####...#oo.......
...../....o@).......
.....#################
...... ###... .. ∩


You could see an orc wizard and 2 orcs.

Vanquished Creatures
  Eustachio (D:4)
  A black bear (D:4)
  2 quasits (D:4)
  2 hounds (D:5)
  4 orc priests
  2 iguanas
  Jessica (D:3)
  An orc wizard (D:4)
  A gnoll (D:3)
  2 adders
  3 shadow imps (D:4)
  5 white imps
  2 ufetubi (D:4)
  3 worms
  4 dart slugs
  9 orcs
  5 endoplasms
  4 giant cockroaches
  12 goblins
  9 hobgoblins
  12 jackals
  A quokka (D:3)
  8 ball pythons
  6 bats
  7 frilled lizards
  4 kobolds
  4 rats
115 creatures vanquished.

Vanquished Creatures (others)
  5 demonic plants (D:4)
5 creatures vanquished.

Grand Total: 120 creatures vanquished

Notes
Turn   | Place    | Note
-------+----------+-------------------------------------------
     0 | D:1      | benadryl the Troll Fighter began the quest for the Orb.
     0 | D:1      | Reached XP level 1. HP: 22/22 MP: 0/0
   184 | D:1      | Reached XP level 2. HP: 26/29 MP: 1/1
   345 | D:1      | Reached XP level 3. HP: 36/36 MP: 2/2
   371 | D:1      | Reached skill level 3 in Unarmed Combat
  1061 | D:2      | Reached XP level 4. HP: 44/44 MP: 3/3
  1529 | D:3      | Found a faded altar of an unknown god.
  1624 | D:3      | Found a snail-covered altar of Cheibriados.
  1626 | D:3      | Found a shimmering blue altar of Sif Muna.
  1626 | D:3      | Found an ancient bone altar of Kikubaaqudgha.
  1639 | D:3      | Found a sparkling altar of Nemelex Xobeh.
  1642 | D:3      | Found a glowing golden altar of the Shining One.
  1758 | D:3      | Reached XP level 5. HP: 53/53 MP: 4/4
  1775 | D:3      | Reached skill level 4 in Unarmed Combat
  1830 | D:3      | Noticed Jessica
  1859 | D:3      | Killed Jessica
  2192 | D:4      | Reached XP level 6. HP: 54/61 MP: 5/5
  2290 | D:4      | Reached skill level 5 in Unarmed Combat
  2324 | D:4      | Noticed Eustachio
  2334 | D:4      | Killed Eustachio
  2359 | D:4      | Reached XP level 7. HP: 43/70 MP: 6/6
  2506 | D:4      | Found a staircase to the Ecumenical Temple.
  2512 | Temple   | Entered the Ecumenical Temple
  2579 | Temple   | Became a worshipper of Ashenzari the Shackled
  2863 | D:5      | Entered Level 5 of the Dungeon
  2870 | D:5      | Reached skill level 6 in Unarmed Combat
  2927 | D:5      | Killed from afar by an orc wizard

Illustrated notes

Levels and vault maps discovered:
D:1:      tarquinn_simple_flora_water_b, layout_basic
D:2:      layout_basic
D:3:      layout_rooms, minmay_overflow_temple_star_hex,
          chequers_ecumenical_altar_island, serial_corexii_hall,
          corexii_hall_statues_i, chequers_hall_statues_corner_a,
          minmay_joined_circles, uniq_jessica
D:4:      layout_loops_ring, minmay_temple_entry_statues_fountains,
          serial_demonic, serial_demonic_b, serial_demonic_d, serial_demonic_b,
          serial_demonic_a, serial_demonic_a, uniq_eustachio
D:5:      layout_basic, gammafunk_ghost_mausoleum, nicolae_ossuary_entry_ruins,
          uniq_grinder, uniq_edmund
Temple:   nicolae_temple_elliptical

Skill      XL: |  1  2  3  4  5  6  7 |
---------------+----------------------+-----
Shields        | 3 4 |  4.6
Unarmed Combat | 3 4 5 6 |  6.3
Fighting       | 3 4 |  4.2
Dodging        | |  2.4

Action                   |  1- 3 |  4- 6 |  7- 9 || total
-------------------------+-------+-------+-------++-------
Melee: Unarmed           |   106 |   173 |    47 ||   326
  Use: Potion            |       |       |     3 ||     3
 Stab: Sleeping          |     1 |       |       ||     1
Armor: Robe              |    37 |    59 |    15 ||   111
Dodge: Dodged            |    25 |    52 |    30 ||   107
Block: Kite shield       |    35 |    84 |    24 ||   143

Table legend: (Time is in decaauts)
 A = Elapsed time spent in this place.
 B = Non-inter-level travel time spent in this place.
 C = Inter-level travel time spent in this place.
 D = Time resting spent in this place.
 E = Time spent auto-exploring this place.
 F = Levels seen in this place.
 G = Mean time per level.
                   A        B        C        D        E       F      G
               +--------+--------+--------+--------+--------+-----+--------+
         Total |   2951 |   2789 |    162 |     25 |   2069 |   6 |  491.8 |
       Dungeon |   2869 |   2740 |    129 |     25 |   2029 |   5 |  573.8 |
        Temple |     81 |     48 |     33 |      0 |     40 |   1 |   81.0 |
               +--------+--------+--------+--------+--------+-----+--------+

Top non-repeatable levels by time:
     D:1: 806 daAuts
     D:2: 675 daAuts
     D:3: 674 daAuts
     D:4: 649 daAuts
  Temple: 81 daAuts
     D:5: 63 daAuts
